 Dungeon Crawl Stone Soup version 0.22.0-36-g8e74550d25 (webtiles) character file.

95054 KamiKatze the Slicer (level 16, 0/84 HPs)
             Began as a Vine Stalker Fighter on Aug 24, 2018.
             Was a Follower of Uskayaw.
             Shot with an arrow by Nessos (1 damage)
             ... on level 15 of the Dungeon.
             The game lasted 01:27:00 (21354 turns).

KamiKatze the Slicer (Vine Stalker Fighter)        Turns: 21354, Time: 01:27:02

Health: 0/84       AC: 24    Str: 27    XL:     16   Next: 13%
Magic:  0/33       EV: 12    Int:  8    God:    Uskayaw [*.....]
Gold:   2574       SH: 14    Dex: 13    Spells: 15/15 levels left

rFire    + . .     SeeInvis +   a - +6 rapier (speed)
rCold    . . .     Gourm    .   R - +1 shield {AC+3}
rNeg     . . .     Faith    .   p - +0 plate armour {MR+}
rPois    .         Spirit   +   r - +0 helmet
rElec    .         Reflect  .   O - +2 cloak {rF+}
rCorr    .         Harm     .   D - +1 pair of gloves {archery}
MR       +++..                  (no boots)
Stlth    ..........             F - amulet of rage
HPRegen  1.04/turn              K - ring of see invisible
MPRegen  0.23/turn              u - ring of magical power

@: lethally poisoned (0 -> -18), very slightly contaminated
A: fangs 3, regeneration 2, magic shield, antimagic bite, no potion heal 3, rot
immunity
a: Stomp, Renounce Religion, Evoke Berserk Rage


You were on level 15 of the Dungeon.
You worshipped Uskayaw.
Uskayaw was aware of your devotion.
You were not hungry.

You visited 4 branches of the dungeon, and saw 23 of its levels.
You also visited: Labyrinth and Volcano.

You collected 2574 gold pieces.

Inventory:

Hand Weapons
 a - a +6 rapier of speed (weapon)
 b - a +1 short sword of flaming
Armour
 p - a +0 plate armour of magic resistance (worn)
 r - a +0 helmet (worn)
 D - a +1 pair of gloves of archery (worn)
 O - a +2 cloak of fire resistance (worn)
 P - +0 fire dragon scales
 R - a +1 shield of protection (worn)
Jewellery
 d - an uncursed ring of positive energy
 g - an uncursed ring of resist corrosion
 u - a ring of magical power (right hand)
 x - an uncursed ring of flight
 A - an uncursed amulet of faith
 F - an amulet of rage (around neck)
 J - an uncursed ring of protection from cold
 K - a ring of see invisible (left hand)
Wands
 l - a wand of digging (27)
 n - a wand of disintegration (8)
 q - a wand of paralysis (9)
 t - a wand of acid (12)
 H - a wand of scattershot (5)
 I - a wand of iceblast (9)
 L - a wand of flame (68)
 M - a wand of clouds (5)
 N - a wand of polymorph (11)
Scrolls
 e - 9 scrolls of remove curse
 h - 3 scrolls of fear
 j - 7 scrolls of identify
 k - a scroll of blinking
 w - 5 scrolls of magic mapping
 y - a scroll of holy word
 z - a scroll of amnesia
 C - 11 scrolls of teleportation
 G - 2 scrolls of fog
Potions
 i - 3 potions of lignification
 m - a potion of flight
 o - 2 potions of resistance
 s - 8 potions of curing
 v - 2 potions of berserk rage
 B - 4 potions of haste
 E - a potion of agility
 Q - a potion of mutation {unknown}
Comestibles
 c - 30 chunks of flesh
 f - 24 rations


   Skills:
 + Level 9.0 Fighting
 * Level 12.0 Short Blades
 + Level 10.1 Armour
 + Level 9.8 Dodging
 + Level 11.0 Shields
 * Level 9.9 Invocations
 - Level 3.1 Evocations


You had 15 spell levels left.
You didn't know any spells.
Your spell library contained the following spells:

 Spells                   Type           Power        Failure   Level  Hunger
 Animate Skeleton         Necr           N/A          99%         1    ##.....
 Apportation              Tloc           #.....       99%         1    ##.....
 Confusing Touch          Hex            #.....       99%         1    ##.....
 Corona                   Hex            #......      99%         1    ##.....
 Flame Tongue             Conj/Fire      #....        99%         1    ##.....
 Freeze                   Ice            #...         99%         1    ##.....
 Magic Dart               Conj           #...         99%         1    ##.....
 Summon Small Mammal      Summ           #...         99%         1    ##.....
 Blink                    Tloc           N/A          100%        2    ###....
 Call Imp                 Summ           #.......     100%        2    ###....
 Ensorcelled Hibernation  Hex/Ice        #.....       100%        2    ###....
 Poisonous Vapours        Pois/Air       #.....       100%        2    ###....
 Searing Ray              Conj           #.....       100%        2    ###....
 Slow                     Hex            #.......     100%        2    ###....
 Throw Flame              Conj/Fire      #.....       100%        2    ###....
 Throw Frost              Conj/Ice       #.....       100%        2    ###....
 Confuse                  Hex            #.......     100%        3    ####...
 Conjure Flame            Conj/Fire      #.......     100%        3    ####...
 Dazzling Spray           Conj/Hex       #.....       100%        3    ####...
 Inner Flame              Hex/Fire       #.......     100%        3    ####...
 Mephitic Cloud           Conj/Pois/Air  #.......     100%        3    ####...
 Ozocubu's Armour         Chrm/Ice       #.......     100%        3    ####...
 Tukima's Dance           Hex            #.......     100%        3    ####...
 Cause Fear               Hex            #.........   100%        4    #####..
 Force Lance              Conj/Tloc      #.......     100%        4    #####..
 Fulminant Prism          Conj/Hex       #.........   100%        4    #####..
 Iskenderun's Mystic Bla  Conj           #.......     100%        4    #####..
 Sticky Flame             Conj/Fire      #.......     100%        4    #####..
 Summon Ice Beast         Ice/Summ       #.......     100%        4    #####..
 Throw Icicle             Conj/Ice       #.......     100%        4    #####..
 Fireball                 Conj/Fire      #.........   100%        5    ######.
 Silence                  Hex/Air        #.........   100%        5    ######.
 Yara's Violent Unravell  Hex/Tmut       #.........   100%        5    ######.
 Deflect Missiles         Chrm/Air       #.........   100%        6    #######
 Freezing Cloud           Conj/Ice/Air   #.........   100%        6    #######
 Ring of Flames           Chrm/Fire      #.........   100%        7    #######
 Discord                  Hex            #.........   100%        8    #######


Dungeon Overview and Level Annotations

Branches:
Dungeon (15/15)            Temple (1/1) D:7            Lair (5/6) D:11
 Shoals (0/4) Lair:4        Snake (0/4) Lair:4        Slime (0/5) Lair:5
    Orc (2/2) D:11            Elf (0/3) Orc:2        Vaults (0/5) D:14
 Depths: D:15

Altars:
Ashenzari
Cheibriados
Dithmenos
Elyvilon
Fedhas
Gozag
Hepliaklqana
Kikubaaqudgha
Makhleb
Nemelex Xobeh
Okawaru
Qazlal
Ru
Sif Muna
Trog
Uskayaw
Vehumet
Wu Jian
Xom
Yredelemnul
Zin
The Shining One
Beogh

Shops:
D:4 [   D:7 }   D:8 *   D:9 [   D:11 !   Orc:2 (:(!:

Annotations:
D:15 Nessos
Lair:2 2 transporters


Innate Abilities, Weirdness & Mutations

You have razor-sharp teeth.
You heal very quickly.
When hurt, damage is shared between your health and your magic reserves.
Your bite disrupts and absorbs the magic of your enemies.
Potions cannot restore your health.
You are immune to rotting.


Message History

You are more poisoned.
* * * LOW HITPOINT WARNING * * *
Nessos shoots an arrow.
You block the arrow.
You see here 2 arrows.
Okay, then.
* * * LOW HITPOINT WARNING * * *
You feel sick.
Nessos shoots an arrow.
The arrow hits you.
* * * LOW HITPOINT WARNING * * *
The arrow burns you.
You are more poisoned.
* * * LOW HITPOINT WARNING * * *
You see here an arrow.
* * * LOW HITPOINT WARNING * * *
You feel very sick.
Nessos shoots an arrow.
You block the arrow.
Nessos shoots an arrow.
The arrow hits you.
* * * LOW HITPOINT WARNING * * *
The arrow burns you.
You are more poisoned.
You die...

#......#
#.#.#.###.#####.(.e.....
#......#
#..)....o.....'..(.c....
########
###.#.#.#######...((c...
#.#.(c....# #..(.((...
#.###(###.# #...(.c...
#.###†### ######....
#....(..# #....
#####(#.# #§...
####(@#.# '....
#..((((.# #....
#..)(####### Z....
##..[(....... 9....
##...)÷..#####
##.........##
#...........#
..............#
...............#


You could see Nessos and an orc.

Vanquished Creatures
  A minotaur (Lab)
  A red draconian (Volcano)
  An ettin (Orc:2)
  3 fire dragons
  A hydra (D:13)
  Erolcha (D:13)
  2 vault guards (D:14)
  7 two-headed ogres
  4 centaur warriors
  5 ogre magi
  A death knight (D:12)
  A catoblepas (D:14)
  3 skeletal warriors
  Nergalle (D:10)
  A wizard (D:14)
  4 unseen horrors
  7 ugly things
  4 orc knights
  2 necromancers (D:14)
  2 manticores
  7 orc sorcerers
  6 elephants
  6 cyclopes
  6 centaur zombies
  A merfolk siren (Lair:4)
  3 centaur skeletons
  7 spiny frogs
  2 rime drakes (Lair:5)
  4 komodo dragons
  A yaktaur (D:14)
  7 trolls
  9 blink frogs
  4 hippogriffs
  A meliai zombie (D:13)
  4 vampires
  A shadow (D:12)
  A wraith (D:12)
  20 yaks
  3 wyverns
  3 hungry ghosts
  2 basilisks
  A steam dragon (D:10)
  20 humans (D:14)
  Grum (D:11)
  6 wargs
  An acid dragon (D:12)
  3 nagas (Lair:4)
  5 water moccasins
  A soldier ant (D:13)
  9 porcupines
  18 orc warriors
  2 ice beasts
  A necrophage (D:11)
  An eye of draining (D:15)
  7 sky beasts
  2 black bears
  4 phantoms
  16 centaurs
  11 wolves
  13 ogres
  2 crocodiles
  5 big kobolds
  17 bullfrogs
  4 killer bees (D:10)
  A scorpion (D:5)
  5 wights (D:13)
  2 howler monkeys
  10 crimson imps
  2 bullfrog zombies
  A quasit (D:10)
  8 hounds
  20 jellies
  14 orc priests
  4 bullfrog skeletons
  Natasha (thrice) (D:3)
  An iguana (D:9)
  41 orc wizards
  10 worker ants
  A killer bee zombie (D:9)
  A hound skeleton (D:9)
  2 hound zombies
  A worker ant zombie (D:6)
  Robin (D:3)
  7 gnolls (D:3)
  A howler monkey skeleton (D:7)
  12 adders
  5 shadow imps
  A white imp (D:6)
  An ooze (D:2)
  An adder skeleton (D:5)
  4 worms
  3 dart slugs
  4 leopard geckos
  87 orcs
  3 ball pythons
  2 bat zombies (D:5)
  5 giant cockroaches
  10 hobgoblins
  6 jackals
  12 quokkas
  8 bats
  5 frilled lizards
  17 goblins
  A jackal skeleton (D:5)
  A jackal zombie (D:7)
  36 kobolds
  A leopard gecko skeleton (D:6)
  2 quokka skeletons (D:4)
  8 rats
  A rat zombie (D:5)
  4 fungi
676 creatures vanquished.

Vanquished Creatures (others)
  A vampire (D:10)
  A wyvern skeleton (D:14)
  3 fungi
  2 plants
7 creatures vanquished.

Grand Total: 683 creatures vanquished

Notes
Turn   | Place    | Note
-------+----------+-------------------------------------------
     0 | D:1      | KamiKatze the Vine Stalker Fighter began the quest for the Orb.
     0 | D:1      | Reached XP level 1. HP: 11/11 MP: 2/2
    66 | D:1      | Reached XP level 2. HP: 14/16 MP: 3/3
   376 | D:2      | Reached skill level 2 in Short Blades
   378 | D:2      | Reached XP level 3. HP: 14/19 MP: 2/4
   595 | D:2      | Reached skill level 1 in Dodging
   895 | D:2      | Gained mutation: Your natural rate of healing is unusually fast. [Vine Stalker growth]
   895 | D:2      | Reached XP level 4. HP: 16/23 MP: 5/5
   946 | D:2      | Found a burning altar of Makhleb.
   981 | D:2      | Found a shimmering altar of Xom.
   984 | D:2      | Found a stormy altar of Qazlal.
  1064 | D:3      | Noticed Robin
  1112 | D:3      | Killed Robin
  1207 | D:3      | Reached XP level 5. HP: 28/28 MP: 6/6
  1232 | D:3      | Noticed Natasha
  1238 | D:3      | Killed Natasha
  1257 | D:3      | Found a radiant altar of Vehumet.
  1607 | D:3      | Noticed Natasha
  1611 | D:3      | Killed Natasha
  1611 | D:3      | Reached XP level 6. HP: 31/32 MP: 7/7
  1995 | D:3      | Noticed Natasha
  2012 | D:3      | Killed Natasha
  2469 | D:4      | Found Godwic's Armour Shoppe.
  2632 | D:4      | Reached XP level 7. HP: 34/36 MP: 6/8
  3149 | D:5      | Entered Level 5 of the Dungeon
  3232 | D:5      | Found a shattered altar of Ashenzari.
  3323 | D:5      | Reached skill level 3 in Short Blades
  3457 | D:5      | Found an ancient bone altar of Kikubaaqudgha.
  3773 | D:5      | Gained mutation: You have razor-sharp teeth. [Vine Stalker growth]
  3773 | D:5      | Reached XP level 8. HP: 41/42 MP: 7/9
  4095 | D:6      | Reached skill level 5 in Shields
  4421 | D:6      | Found a snail-covered altar of Cheibriados.
  4991 | D:7      | Reached skill level 5 in Armour
  5010 | D:7      | Found Zuqut's Gadget Shoppe.
  5085 | D:7      | Reached XP level 9. HP: 37/46 MP: 10/10
  5201 | D:7      | Noticed a moth of wrath
  5204 | D:7      | Found a bloodstained altar of Trog.
  5362 | D:7      | Found a staircase to the Ecumenical Temple.
  5434 | Temple   | Entered the Ecumenical Temple
  5607 | Temple   | Became a worshipper of Uskayaw the Reveler
  5674 | D:8      | Reached skill level 4 in Short Blades
  5698 | D:8      | Found a shadowy altar of Dithmenos.
  5712 | D:8      | Reached * piety under Uskayaw
  5719 | D:8      | Reached ** piety under Uskayaw
  5777 | D:8      | Found Esesasirgh's General Store.
  5931 | D:8      | Reached *** piety under Uskayaw
  6268 | D:9      | Reached **** piety under Uskayaw
  6276 | D:9      | Reached ***** piety under Uskayaw
  6279 | D:9      | Reached skill level 5 in Dodging
  6326 | D:9      | Found Edoingu's Armour Shoppe.
  6479 | D:9      | Reached skill level 5 in Fighting
  6491 | D:9      | Reached ****** piety under Uskayaw
  6498 | D:9      | Reached XP level 10. HP: 39/51 MP: 11/11
  6527 | D:9      | Noticed a two-headed ogre
  6567 | D:9      | Killed a two-headed ogre
  6596 | D:9      | Found an iron altar of Okawaru.
  6662 | D:9      | Noticed a two-headed ogre
  6673 | D:9      | Killed a two-headed ogre
  6673 | D:9      | Reached skill level 5 in Short Blades
  6758 | D:9      | Found an opulent altar of Gozag.
  6843 | D:9      | You fall through a shaft for 2 floors!
  6849 | D:11     | Noticed a manticore
  6864 | D:11     | Killed a manticore
  7004 | D:11     | Reached XP level 11. HP: 37/56 MP: 12/12
  7175 | D:11     | Noticed a cyclops
  7199 | D:11     | Killed a cyclops
  7208 | D:11     | Noticed a fire dragon
  7226 | D:10     | Entered Level 10 of the Dungeon
  7502 | D:10     | Reached skill level 1 in Invocations
  7957 | D:10     | Noticed Nergalle
  8011 | D:10     | Killed Nergalle
  8041 | D:10     | Reached skill level 6 in Short Blades
  8225 | D:10     | Noticed an unseen horror
  8259 | D:10     | Killed an unseen horror
  8502 | D:11     | Noticed a green ugly thing
  8528 | D:11     | Killed a green ugly thing
  8557 | D:11     | Noticed a cyclops
  8578 | D:11     | Killed a cyclops
  8688 | D:11     | Noticed Grum
  8702 | D:11     | Killed Grum
  8876 | D:11     | Found a staircase to the Lair.
  8965 | D:11     | Gained mutation: You heal very quickly. [Vine Stalker growth]
  8965 | D:11     | Reached XP level 12. HP: 62/62 MP: 14/14
  9158 | D:11     | Found a staircase to the Orcish Mines.
  9192 | D:11     | Found Ponag's Distillery.
  9321 | D:11     | Killed a fire dragon
 10447 | D:12     | Noticed a death knight
 10578 | Lair:1   | Entered Level 1 of the Lair of Beasts
 10762 | Lair:1   | Reached skill level 7 in Short Blades
 11029 | Lair:1   | Found a bloodstained altar of Trog.
 11553 | Lair:2   | Found a sacrificial altar of Ru.
 11574 | Lair:2   | Found a transporter.
 11610 | Lair:2   | Found a transporter.
 11639 | Lair:2   | Reached skill level 1 in Evocations
 12624 | Lair:3   | Reached XP level 13. HP: 67/67 MP: 17/17
 12691 | Lair:3   | Reached skill level 5 in Invocations
 13117 | Lair:4   | Found a staircase to the Snake Pit.
 13620 | Lair:4   | Reached skill level 8 in Short Blades
 13628 | Lair:4   | Found a staircase to the Shoals.
 14413 | Lair:5   | Reached skill level 10 in Shields
 14501 | Lair:5   | Found a dark tunnel.
 14821 | Volcano  | Entered a volcano
 14986 | Volcano  | Noticed a red draconian
 15015 | Volcano  | Killed a red draconian
 15302 | Lair:5   | Found a staircase to the Slime Pits.
 15902 | Orc:1    | Entered Level 1 of the Orcish Mines
 16392 | Orc:2    | Entered Level 2 of the Orcish Mines
 16465 | Orc:2    | Reached skill level 9 in Short Blades
 16590 | Orc:2    | Found a staircase to the Elven Halls.
 16610 | Orc:1    | Noticed an ettin
 16688 | Orc:2    | Killed an ettin
 16690 | Orc:2    | Reached XP level 14. HP: 55/73 MP: 20/20
 16828 | Orc:1    | Found a roughly hewn altar of Beogh.
 17147 | Orc:2    | Found Peud's Weapon Emporium.
 17373 | Orc:2    | Found Tewnuv's Book Shop.
 17525 | Orc:2    | Found Ruestyne's Book Boutique.
 17548 | Orc:2    | Found a radiant altar of Vehumet.
 17632 | Orc:2    | Paralysed by an orc sorcerer for 2 turns
 17670 | Orc:2    | Found Byeshre's Antique Weapon Boutique.
 17772 | Orc:2    | Found an ancient bone altar of Kikubaaqudgha.
 17826 | Orc:2    | Found a roughly hewn altar of Beogh.
 17826 | Orc:2    | Found Oroliock's Distillery.
 17899 | Orc:2    | Reached skill level 11 in Short Blades
 17899 | Orc:2    | Reached XP level 15. HP: 77/77 MP: 22/22
 18508 | D:13     | Found a labyrinth entrance.
 18540 | Lab      | Entered a labyrinth
 18863 | Lab      | Got an ancient plate armour
 18879 | Lab      | Identified the cursed +0 plate armour of the Wasteland {Dex+4} (You found it in a labyrinth)
 19467 | D:13     | Noticed Erolcha
 19483 | D:13     | Killed Erolcha
 20864 | D:14     | Reached skill level 10 in Armour
 20931 | D:14     | Found a gate to the Vaults.
 21089 | D:15     | Entered Level 15 of the Dungeon
 21103 | D:15     | Reached XP level 16. HP: 83/83 MP: 24/24
 21261 | D:15     | Reached skill level 12 in Short Blades
 21337 | D:15     | Noticed Nessos
 21353 | D:15     | HP: 4/84 [Nessos/arrow (1)]
 21354 | D:15     | HP: 1/84 [Nessos/arrow (1)]
 21354 | D:15     | Shot with an arrow by Nessos

Skill      XL: |  1  2  3  4  5  6  7  8  9 10 11 12 13 14 15 16 |
---------------+-------------------------------------------------+-----
Short Blades   | 2 3 4 5 6 7 9 11 12 | 12.0
Shields        | 3 4 5 6 8 9 10 11 | 11.0
Dodging        | 1 2 3 4 5 6 7 8 9 |  9.8
Fighting       | 3 4 5 6 7 8 9 |  9.0
Armour         | 3 4 5 6 7 8 9 10 | 10.1
Invocations    | 2 4 7 8 9 |  9.9
Evocations     | 3 |  3.1

Action                   |  1- 3 |  4- 6 |  7- 9 | 10-12 | 13-15 | 16-18 || total
-------------------------+-------+-------+-------+-------+-------+-------++-------
Melee: Rapier            |    93 |   202 |   405 |   888 |  1132 |    78 ||  2798
       Bite              |    29 |    66 |   177 |   338 |   458 |    39 ||  1107
       Short sword       |       |       |       |       |     8 |       ||     8
  Use: Scroll            |       |     7 |     8 |    14 |     9 |     1 ||    39
       Potion            |       |       |       |     2 |     2 |       ||     4
 Stab: Paralysed         |       |       |     7 |    44 |    75 |     6 ||   132
  Eat: Chunk             |       |     6 |    13 |    16 |    23 |     1 ||    59
       Ration            |       |       |       |     2 |     2 |       ||     4
Armor: Scale mail        |    30 |     6 |       |       |       |       ||    36
       Chain mail        |       |    86 |   134 |   266 |    95 |       ||   581
       Fire dragon scale |       |       |       |       |     5 |       ||     5
       Plate armour      |       |       |       |       |   144 |    16 ||   160
Dodge: Dodged            |    29 |    56 |    83 |   220 |   215 |    16 ||   619
Block: Shield            |    44 |   111 |   197 |   405 |   480 |    50 ||  1287
